 Dungeon Crawl Stone Soup version 0.30.0-29-ga12c61a403 (webtiles) character file.

Game seed: 8453939397134529102

969 Libra00 the Ruffian (level 7, -7/71 HPs)
             Began as a Troll Fighter on June 14, 2023.
             Mangled by a hornet (14 damage)
             ... on level 5 of the Dungeon.
             The game lasted 00:09:21 (4040 turns).

Libra00 the Ruffian (Troll Fighter)                 Turns: 4040, Time: 00:09:22

Health: -7/71      AC:  4    Str: 33    XL:     7   Next: 94%
Magic:  6/6        EV:  9    Int:  4    God:
Gold:   243        SH: 13    Dex:  9    Spells: 6/6 levels left

rFire   . .          .
                       - Unarmed
rCold   . . .        b - +0 kite shield
rNeg    . . .        a - +0 robe
rPois   .            (helmet restricted)
rElec   .            (no cloak)
rCorr   .            (gloves unavailable)
SInv    .            (boots unavailable)
Will    .....        r - amulet of reflection
Stlth   +            v - +4 ring of slaying
HPRegen 1.11/turn    w - +6 ring of strength
MPRegen 0.10/turn

%: reflection
@: lethally poisoned (-7 -> -13), slowed, very slow
A: large, unfitting armour, claws 3, regeneration 1, shaggy fur 1, tough skin 1
a: no special abilities


You were on level 5 of the Dungeon.
You visited 1 branch of the dungeon, and saw 5 of its levels.

You collected 243 gold pieces.

Inventory:

Hand Weapons
 o - a +7 club
Armour
 a - a +0 robe (worn)
 b - a +0 kite shield (worn)
Jewellery
 g - an amulet of regeneration
 r - an amulet of reflection (around neck)
 t - a ring of protection from fire
 v - a +4 ring of slaying (left claw)
 w - a +6 ring of strength (right claw)
 y - a ring of resist corrosion
Wands
 h - a wand of iceblast (3)
Scrolls
 d - 8 scrolls of identify {unknown}
 f - a scroll of poison {unknown}
 k - 7 scrolls of teleportation {unknown}
 m - 2 scrolls of fear {unknown}
 p - a scroll of silence {unknown}
 q - 2 scrolls of immolation {unknown}
 s - a scroll of magic mapping {unknown}
 u - a scroll of fog {unknown}
Potions
 c - 2 potions of might
 e - 2 potions of haste {unknown}
 i - 2 potions of flight {unknown}
 j - 3 potions of attraction {unknown}
 l - 4 potions of curing {unknown}
 n - a potion of mutation {unknown}
 x - a potion of lignification {unknown}


   Skills:
 + Level 4.4 Fighting
 - Level 2.4 Dodging
 + Level 4.9 Shields
 * Level 6.8 Unarmed Combat


You had 6 spell levels left.
You didn't know any spells.
Your spell library contained the following spells:

 Spells                   Type           Power      Damage    Failure   Level
 Slow                     Hex            0%         N/A       69%         1
 Ensorcelled Hibernation  Hex/Ice        0%         N/A       83%         2
 Confusing Touch          Hex            0%         N/A       96%         3
 Ozocubu's Armour         Ice            0%         N/A       96%         3
 Spider Form              Tmut/Pois      0%         N/A       96%         3
 Vampiric Draining        Necr           0%         2d6       96%         3
 Anguish                  Hex/Necr       0%         N/A       100%        4
 Malign Gateway           Summ/Tloc      0%         N/A       100%        7
 Ozocubu's Refrigeration  Ice            0%         4d7       100%        7
 Summon Horrible Things   Summ           0%         N/A       100%        8


Dungeon Overview and Level Annotations

Branches:
Dungeon (5/15)
 Temple: D:4-7

Altars:
Dithmenos
Fedhas
Yredelemnul

Annotations:
D:5 exclusion: hornet


Innate Abilities, Weirdness & Mutations

You are too large for most types of armour.
You have claws for hands.
Your natural rate of healing is unusually fast.
You are covered in fur. (AC +1)
You have tough skin. (AC +1)


Message History

You closely miss the hornet.
The hornet is almost dead.
You block the hornet's attack. The hornet barely misses you.
You barely miss the hornet.
The hornet is almost dead.
The hornet stings you!
You are poisoned.
You feel yourself slow down. The black bear bites you.
The black bear claws you. You block the black bear's attack.
You barely miss the hornet.
The hornet is almost dead.
You feel yourself speed up.
You feel very sick. The hornet stings you!
You feel yourself slow down. The hornet stings you.
You feel as though you will be slow longer.
You block the black bear's attack. x2; The black bear barely misses you.
You closely miss the hornet.
The hornet is almost dead.
You feel very sick. You block the hornet's attack. The black bear bites you.
The black bear claws you but does no damage.
You block the black bear's attack. The hornet stings you!
You feel as though you will be slow longer.
You block the white imp's attack. The hornet stings you!
* * * LOW HITPOINT WARNING * * *
You feel as though you will be slow longer.
The black bear bites you.
* * * LOW HITPOINT WARNING * * *
You block the black bear's attack.
The black bear claws you but does no damage.
You miss the hornet.
The hornet is severely wounded.
You feel sick. The hornet stings you.
* * * LOW HITPOINT WARNING * * *
You are more poisoned.
You feel as though you will be slow longer.
You block the black bear's attack. x3
The white imp sputters.
You block the white imp's attack. The hornet stings you!
You die...

######## ##......##
..##..5.)...#########
....).y@.....#......###
..#...h......#......#..
#..........#........#
#.................#
#........<........#
##........#.......####
##............)##.....
...........#..)..####
...........####..# #.


You could see a hornet, a black bear and a white imp.

Vanquished Creatures
  Grinder (D:5)
  Sigmund (D:2)
  An ice beast (D:5)
  2 ogres (D:5)
  A scorpion (D:5)
  A gnoll bouda (D:4)
  Jessica (D:2)
  An iguana (D:5)
  Terence (D:2)
  Robin (D:2)
  4 gnolls (D:4)
  5 adders
  2 worms (D:2)
  3 dart slugs
  2 orcs (D:5)
  5 endoplasms
  2 giant cockroaches
  23 goblins
  10 hobgoblins
  3 jackals (D:4)
  6 kobolds
  6 quokkas
  8 ball pythons
  3 bats
  4 frilled lizards
  2 rats
99 creatures vanquished.

Vanquished Creatures (others)
  An orc (D:5)
1 creature vanquished.

Grand Total: 100 creatures vanquished

Notes
Turn   | Place    | Note
-------+----------+-------------------------------------------
     0 | D:1      | Libra00 the Troll Fighter began the quest for the Orb.
     0 | D:1      | Reached XP level 1. HP: 22/22 MP: 0/0
   103 | D:1      | Reached XP level 2. HP: 29/29 MP: 1/1
   937 | D:2      | Noticed Terence
   951 | D:2      | Killed Terence
   952 | D:2      | Reached skill level 3 in Unarmed Combat
   952 | D:2      | Reached XP level 3. HP: 21/36 MP: 2/2
  1089 | D:2      | Reached XP level 4. HP: 37/44 MP: 3/3
  1144 | D:2      | Noticed Robin
  1148 | D:2      | Killed Robin
  1168 | D:2      | Found a basalt altar of Yredelemnul.
  1272 | D:2      | Noticed Jessica
  1279 | D:2      | Killed Jessica
  1624 | D:2      | Identified the +8 dagger of Obro {elec, rF++ Will+ Int-4
                  | Stlth+}
  1727 | D:2      | Noticed Sigmund
  1957 | D:2      | Killed Sigmund
  1958 | D:2      | Reached skill level 4 in Unarmed Combat
  1958 | D:2      | Reached XP level 5. HP: 37/53 MP: 4/4
  1958 | D:2      | Reached XP level 6. HP: 42/61 MP: 5/5
  3221 | D:4      | Reached skill level 5 in Unarmed Combat
  3708 | D:5      | Entered Level 5 of the Dungeon
  3765 | D:5      | Found a shadowy altar of Dithmenos.
  3768 | D:5      | Found a blossoming altar of Fedhas.
  3853 | D:5      | Noticed an ice beast
  3864 | D:5      | Killed an ice beast
  3865 | D:5      | Reached XP level 7. HP: 47/70 MP: 6/6
  3916 | D:5      | Noticed Grinder
  3930 | D:5      | Killed Grinder
  3931 | D:5      | Reached skill level 6 in Unarmed Combat
  4030 | D:5      | Noticed a hornet
  4040 | D:5      | Mangled by a hornet

Illustrated notes

Levels and vault maps discovered:
D:1:      sevenhm_arrival_forest_fort_large_4, layout_loops_corners
D:2:      layout_basic, minmay_crystal_water, minmay_hexomino_r4, uniq_robin,
          uniq_jessica, uniq_sigmund, uniq_terence
D:3:      layout_basic, uniq_crazy_yiuf_cottage
D:4:      cheibrodos_quashed, layout_loops_cross, minmay_goblin_outpost
D:5:      minmay_evil_eye, layout_rooms, nicolae_overflow_hidden_temple,
          grunt_decor_resistance, uniq_grinder

Skill      XL: |  1  2  3  4  5  6  7 |
---------------+----------------------+-----
Shields        | 3 4 |  4.9
Unarmed Combat | 3 4 5 6 |  6.8
Fighting       | 3 4 |  4.4
Dodging        | |  2.4

Action                     |  1- 3 |  4- 6 |  7- 9 || total
---------------------------+-------+-------+-------++-------
  Melee: Unarmed           |    96 |   163 |    27 ||   286
   Stab: Sleeping          |     2 |       |       ||     2
 Armour: Robe              |    21 |    31 |     3 ||    55
  Dodge: Dodged            |    19 |    30 |     4 ||    53
  Block: Kite shield       |    31 |    78 |    22 ||   131
         Reflection        |       |     2 |       ||     2
